TOP OF THE 1ST |
Pure Michigan Great Lakers batting - Pitching for Royse City Targaryens : RHP Eugenio Piñeiro
|
Pitching: RHP Eugenio Piñeiro
|
|
Batting: LHB Michael Cochran
|
0-0: Ball 1-0: Foul Ball, location: 2F 1-1: SINGLE (Groundball, 34D)
|
Batting: RHB Takashi Miike
|
0-0: Ball 1-0: Foul Ball, location: 2F 1-1: Swinging Strike 1-2: Strikes out looking
|
Batting: RHB Alco Compagne
|
0-0: Ball 1-0: Called Strike 1-1: Ball 2-1: Foul Ball, location: 2F 2-2: Fly out, F8 (Line Drive, 8LM)
|
Batting: SHB Roger Dorn
|
0-0: Ball 1-0: Ball Michael Cochran steals 2nd base 2-0: 2-RUN HOME RUN (Line Drive, 9LD), Distance : 339 ft
|
Batting: LHB Dudley Gardner
|
0-0: Ball 1-0: Called Strike 1-1: Foul Ball, location: 2F 1-2: Ball 2-2: Strikes out looking
|
Top of the 1st over - 2 runs, 2 hits, 0 errors, 0 left on base; Pure Michigan 2 - Royse City 0 |
BOTTOM OF THE 1ST |
Royse City Targaryens batting - Pitching for Pure Michigan Great Lakers : RHP Nate Jackson
|
Pitching: RHP Nate Jackson
|
|
Batting: LHB Takahiro Suzuki
|
0-0: Foul Ball, location: 2F 0-1: Called Strike 0-2: Ball 1-2: Ball 2-2: Ball 3-2: Foul Ball, location: 2F 3-2: Foul Ball, location: 2F 3-2: Base on Balls
|
Batting: RHB Víctor Cuevas
|
0-0: Called Strike Takahiro Suzuki is caught stealing 2nd base 0-1: Foul Ball, location: 2F 0-2: Foul Ball, location: 2F 0-2: Foul Ball, location: 2F 0-2: Ball 1-2: SINGLE (Groundball, 6M) (infield hit)
|
Batting: RHB Melvin Thomas
|
0-0: Called Strike Víctor Cuevas steals 2nd base 0-1: Called Strike 0-2: Foul Ball, location: 2F 0-2: Fly out, F8 (Flyball, 78M)
|
Batting: LHB Joe Karnowski
|
0-0: Swinging Strike 0-1: Foul Ball, location: 2F 0-2: Ball 1-2: SINGLE (Groundball, 34S) (infield hit) Víctor Cuevas to third
|
Batting: SHB Miguel Herrera
|
0-0: SINGLE (Flyball, 9LS) Víctor Cuevas scores Joe Karnowski to second Runner from 2nd tries for 3rd, SAFE, no throw
|
Batting: RHB David Elías
|
0-0: Ball 1-0: Foul Ball, location: 2F 1-1: Foul Ball, location: 2F 1-2: Ball 2-2: Foul Ball, location: 2F 2-2: Ball 3-2: Foul Ball, location: 2F 3-2: SINGLE (Groundball, 6MD) Joe Karnowski scores Miguel Herrera to second Miguel Herrera to third
|
Batting: RHB José García
|
0-0: Fielders Choice at 2nd, 6-4 (Groundball, 56)
|
Bottom of the 1st over - 2 runs, 4 hits, 0 errors, 2 left on base; Pure Michigan 2 - Royse City 2 |
TOP OF THE 2ND |
Pure Michigan Great Lakers batting - Pitching for Royse City Targaryens : RHP Eugenio Piñeiro
|
Batting: RHB Dan Hendricks
|
0-0: Foul Ball, location: 2F 0-1: Ground out 6-3 (Groundball, 6)
|
Batting: SHB Cyrille Baffi
|
0-0: Ground out 3-1 (Groundball, 34)
|
Batting: LHB Gilberto Moreno
|
0-0: Ball 1-0: Ball 2-0: Called Strike 2-1: Called Strike 2-2: SINGLE (Flyball, 78S)
|
Batting: RHB Quincy van Enk
|
0-0: Foul Ball, location: 2F 0-1: Called Strike 0-2: SINGLE (Flyball, 9S) Gilberto Moreno to second Runner from 2nd tries for 3rd, SAFE, no throw
|
Batting: LHB Michael Cochran
|
0-0: Ball 1-0: Called Strike 1-1: Ball 2-1: Foul Ball, location: 2F 2-2: Ball 3-2: Foul Ball, location: 2F 3-2: Hit by Pitch Quincy van Enk to second
|
Batting: RHB Takashi Miike
|
0-0: Ball 1-0: Swinging Strike 1-1: Fielders Choice at 2nd, 5-4 (Groundball, 56)
|
Top of the 2nd over - 0 runs, 2 hits, 0 errors, 3 left on base; Pure Michigan 2 - Royse City 2 |
BOTTOM OF THE 2ND |
Royse City Targaryens batting - Pitching for Pure Michigan Great Lakers : RHP Nate Jackson
|
Batting: RHB IV Seacat
|
0-0: Swinging Strike 0-1: Ball 1-1: Ball 2-1: Foul Ball, location: 2F 2-2: Foul Ball, location: 2F 2-2: Ball 3-2: Ground out 3-1 (Groundball, 34)
|
Batting: RHB Breanainn Swartwood
|
0-0: Foul Ball, location: 2F 0-1: Ground out 5-3 (Groundball, 56S)
|
Batting: LHB Takahiro Suzuki
|
0-0: Ball 1-0: Called Strike 1-1: Called Strike 1-2: Ball 2-2: Strikes out swinging
|
Bottom of the 2nd over - 0 runs, 0 hits, 0 errors, 0 left on base; Pure Michigan 2 - Royse City 2 |
TOP OF THE 3RD |
Pure Michigan Great Lakers batting - Pitching for Royse City Targaryens : RHP Eugenio Piñeiro
|
Batting: RHB Alco Compagne
|
0-0: Called Strike 0-1: Foul Ball, location: 2F 0-2: Fly out, F1 (Line Drive, 15S)
|
Batting: SHB Roger Dorn
|
0-0: Ball 1-0: Called Strike 1-1: SINGLE (Line Drive, 89S)
|
Batting: LHB Dudley Gardner
|
0-0: Ball 1-0: Ball 2-0: DOUBLE (Flyball, 89XD) Roger Dorn to third
|
Batting: RHB Dan Hendricks
|
0-0: Ball 1-0: Ground out 5-3 (Groundball, 56) Roger Dorn scores
|
Batting: SHB Cyrille Baffi
|
0-0: Called Strike 0-1: Ball 1-1: Foul Ball, location: 2F 1-2: Ball 2-2: Fly out, F7 (Flyball, 7D)
|
Top of the 3rd over - 1 run, 2 hits, 0 errors, 1 left on base; Pure Michigan 3 - Royse City 2 |
BOTTOM OF THE 3RD |
Royse City Targaryens batting - Pitching for Pure Michigan Great Lakers : RHP Nate Jackson
|
Batting: RHB Víctor Cuevas
|
0-0: Called Strike 0-1: Fly out, F9 (Flyball, 89M)
|
Batting: RHB Melvin Thomas
|
0-0: Ball 1-0: Ball 2-0: SINGLE (Groundball, 56D)
|
Batting: LHB Joe Karnowski
|
0-0: Ball 1-0: Swinging Strike 1-1: Ball 2-1: Ball 3-1: Fly out, F2 (Popup, 25F)
|
Batting: SHB Miguel Herrera
|
0-0: Foul Ball, location: 2F 0-1: Ball 1-1: Called Strike 1-2: Fly out, F5 (Popup, 5DF)
|
Bottom of the 3rd over - 0 runs, 1 hit, 0 errors, 1 left on base; Pure Michigan 3 - Royse City 2 |
TOP OF THE 4TH |
Pure Michigan Great Lakers batting - Pitching for Royse City Targaryens : RHP Eugenio Piñeiro
|
Batting: LHB Gilberto Moreno
|
0-0: Fly out, F8 (Flyball, 89S)
|
Batting: RHB Quincy van Enk
|
0-0: SINGLE (Groundball, 6MD)
|
Batting: LHB Michael Cochran
|
0-0: Fly out, F6 (Popup, 4MD)
|
Batting: RHB Takashi Miike
|
0-0: Fielders Choice at 2nd, 5-4 (Groundball, 56)
|
Top of the 4th over - 0 runs, 1 hit, 0 errors, 1 left on base; Pure Michigan 3 - Royse City 2 |
BOTTOM OF THE 4TH |
Royse City Targaryens batting - Pitching for Pure Michigan Great Lakers : RHP Nate Jackson
|
Batting: RHB David Elías
|
0-0: Foul Ball, location: 2F 0-1: Called Strike 0-2: Ball 1-2: Foul Ball, location: 2F 1-2: DOUBLE (Flyball, 78XD)
|
Batting: RHB José García
|
0-0: Foul Ball, location: 2F 0-1: Swinging Strike 0-2: Ball 1-2: SINGLE (Groundball, 56D) David Elías to third
|
Batting: RHB IV Seacat
|
0-0: Ball 1-0: Ball 2-0: DOUBLE (Groundball, 5L) David Elías scores José García to third
|
Batting: RHB Breanainn Swartwood
|
0-0: Fly out, F9 (Flyball, 9) Runner from 3rd tags up, SCORES, no throw
|
Batting: LHB Takahiro Suzuki
|
0-0: Ball 1-0: Ball 2-0: Ball 3-0: Called Strike 3-1: Foul Ball, location: 2F 3-2: SINGLE (Groundball, 34S) (infield hit) IV Seacat to third
|
Batting: RHB Víctor Cuevas
|
0-0: Ball 1-0: Ball 2-0: Ball 3-0: Base on Balls Takahiro Suzuki to second
|
Batting: RHB Melvin Thomas
|
0-0: Foul Ball, location: 2F 0-1: Ball 1-1: Grounds into double play, 4-2-3 (Groundball, 4)
|
Bottom of the 4th over - 2 runs, 4 hits, 0 errors, 2 left on base; Pure Michigan 3 - Royse City 4 |
TOP OF THE 5TH |
Pure Michigan Great Lakers batting - Pitching for Royse City Targaryens : RHP Eugenio Piñeiro
|
Batting: RHB Alco Compagne
|
0-0: Called Strike 0-1: Ground out 6-3 (Groundball, 6)
|
Batting: SHB Roger Dorn
|
0-0: Ball 1-0: Ball 2-0: Called Strike 2-1: Called Strike 2-2: SINGLE (Groundball, 4D)
|
Batting: LHB Dudley Gardner
|
0-0: Called Strike 0-1: Fly out, F9 (Line Drive, 89M)
|
Batting: RHB Dan Hendricks
|
0-0: Called Strike 0-1: Ball 1-1: Foul Ball, location: 2F 1-2: Fly out, F8 (Flyball, 78M)
|
Top of the 5th over - 0 runs, 1 hit, 0 errors, 1 left on base; Pure Michigan 3 - Royse City 4 |
BOTTOM OF THE 5TH |
Royse City Targaryens batting - Pitching for Pure Michigan Great Lakers : RHP Nate Jackson
|
Batting: LHB Joe Karnowski
|
0-0: Ball 1-0: Called Strike 1-1: Ground out U3 (Groundball, 3)
|
Batting: SHB Miguel Herrera
|
0-0: Ball 1-0: Called Strike 1-1: Ground out 6-3 (Groundball, 6M)
|
Batting: RHB David Elías
|
0-0: Called Strike 0-1: Ball 1-1: Ball 2-1: Called Strike 2-2: Foul Ball, location: 2F 2-2: Strikes out swinging
|
Bottom of the 5th over - 0 runs, 0 hits, 0 errors, 0 left on base; Pure Michigan 3 - Royse City 4 |
TOP OF THE 6TH |
Pure Michigan Great Lakers batting - Pitching for Royse City Targaryens : RHP Eugenio Piñeiro
|
Batting: SHB Cyrille Baffi
|
0-0: Ball 1-0: Ball 2-0: Foul Ball, location: 2F 2-1: SINGLE (Line Drive, 34D)
|
Batting: LHB Gilberto Moreno
|
0-0: Ball 1-0: Sac Bunt - play at first, batter OUT! 1-4 Cyrille Baffi to second
|
Batting: RHB Quincy van Enk
|
0-0: Called Strike 0-1: Ground out 5-3 (Groundball, 56S) Cyrille Baffi to third
|
Batting: LHB Michael Cochran
|
0-0: Ball 1-0: Ground out 3-1 (Groundball, 34S)
|
Top of the 6th over - 0 runs, 1 hit, 0 errors, 1 left on base; Pure Michigan 3 - Royse City 4 |
BOTTOM OF THE 6TH |
Royse City Targaryens batting - Pitching for Pure Michigan Great Lakers : RHP Nate Jackson
|
Batting: RHB José García
|
0-0: Called Strike 0-1: Swinging Strike 0-2: Ball 1-2: Foul Ball, location: 2F 1-2: Ball 2-2: Ball 3-2: Base on Balls
|
Batting: RHB IV Seacat
|
0-0: Bunted foul 0-1: Ball 1-1: Sac Bunt - play at first, batter OUT! 1-4 José García to second
|
Batting: RHB Breanainn Swartwood
|
0-0: Called Strike José García steals 3rd base 0-1: Foul Ball, location: 2F 0-2: Ball 1-2: Foul Ball, location: 2F 1-2: Ball 2-2: SINGLE (Line Drive, 78S) José García scores
|
Pitching: LHP I-tsing Ts'ong
|
|
Batting: LHB Takahiro Suzuki
|
0-0: Ball 1-0: SINGLE (Flyball, 89S) Breanainn Swartwood to second Runner from 2nd tries for 3rd, SAFE, no throw
|
Batting: RHB Víctor Cuevas
|
0-0: Ball 1-0: Ball 2-0: SINGLE (Line Drive, 78M) Breanainn Swartwood scores Takahiro Suzuki to second
|
Batting: RHB Melvin Thomas
|
0-0: Ball Takahiro Suzuki is caught stealing 3rd base 1-0: Called Strike 1-1: Ball 2-1: Ball 3-1: Base on Balls Víctor Cuevas to second
|
Batting: LHB Joe Karnowski
|
0-0: Foul Ball, location: 2F 0-1: Foul Ball, location: 2F 0-2: Ground out 4-3 (Groundball, 4D)
|
Bottom of the 6th over - 2 runs, 3 hits, 0 errors, 2 left on base; Pure Michigan 3 - Royse City 6 |
TOP OF THE 7TH |
Pure Michigan Great Lakers batting - Pitching for Royse City Targaryens : RHP Eugenio Piñeiro
|
Batting: RHB Takashi Miike
|
0-0: Ball 1-0: SOLO HOME RUN (Flyball, 7LD), Distance : 360 ft
|
Pitching: LHP Shunen Takahashi
|
|
Batting: RHB Alco Compagne
|
0-0: Ball 1-0: Swinging Strike 1-1: Fly out, F8 (Flyball, 8RS)
|
Batting: SHB Roger Dorn
|
0-0: Foul Ball, location: 2F 0-1: Fly out, F8 (Flyball, 89M)
|
Batting: LHB Dudley Gardner
|
0-0: Ball 1-0: Fly out, F7 (Flyball, 78S)
|
Top of the 7th over - 1 run, 1 hit, 0 errors, 0 left on base; Pure Michigan 4 - Royse City 6 |
BOTTOM OF THE 7TH |
Royse City Targaryens batting - Pitching for Pure Michigan Great Lakers : LHP I-tsing Ts'ong
|
Batting: SHB Miguel Herrera
|
0-0: Ball 1-0: Ball 2-0: Called Strike 2-1: Ball 3-1: Base on Balls
|
Batting: RHB David Elías
|
0-0: Ball 1-0: Called Strike 1-1: Called Strike 1-2: SINGLE (Flyball, 78M) Miguel Herrera to second
|
Batting: RHB José García
|
0-0: Bunted foul 0-1: Bunted foul 0-2: Foul Ball, location: 2F 0-2: Fielders Choice at 2nd, 6-4 (Groundball, 6) Miguel Herrera to third
|
Batting: RHB IV Seacat
|
0-0: Ball 1-0: Called Strike 1-1: Ball 2-1: Called Strike José García steals 2nd base 2-2: Foul Ball, location: 2F 2-2: Ball 3-2: Intentional Walk
|
Batting: RHB Breanainn Swartwood
|
0-0: Foul Ball, location: 2F 0-1: Swinging Strike 0-2: Strikes out swinging
|
Pinch Hitting: RHB Riley Walker
|
0-0: Ball 1-0: Foul Ball, location: 2F 1-1: Swinging Strike 1-2: Strikes out swinging
|
Bottom of the 7th over - 0 runs, 1 hit, 0 errors, 3 left on base; Pure Michigan 4 - Royse City 6 |
TOP OF THE 8TH |
Pure Michigan Great Lakers batting - Pitching for Royse City Targaryens : LHP Shunen Takahashi
|
Now at 2B: Riley Walker
|
|
Batting: RHB Dan Hendricks
|
0-0: Called Strike 0-1: Swinging Strike 0-2: Ball 1-2: Ball 2-2: Foul Ball, location: 2F 2-2: Strikes out looking
|
Batting: SHB Cyrille Baffi
|
0-0: Ball 1-0: Called Strike 1-1: Ball 2-1: Fly out, F9 (Flyball, 9LM)
|
Batting: LHB Gilberto Moreno
|
0-0: Foul Ball, location: 2F 0-1: Ball 1-1: Ball 2-1: SINGLE (Line Drive, 4MD)
|
Batting: RHB Quincy van Enk
|
0-0: Called Strike 0-1: Ball 1-1: Ground out 4-3 (Groundball, 4)
|
Top of the 8th over - 0 runs, 1 hit, 0 errors, 1 left on base; Pure Michigan 4 - Royse City 6 |
BOTTOM OF THE 8TH |
Royse City Targaryens batting - Pitching for Pure Michigan Great Lakers : LHP I-tsing Ts'ong
|
Batting: RHB Víctor Cuevas
|
0-0: Ball 1-0: Foul Ball, location: 2F 1-1: Ball 2-1: Ball 3-1: Foul Ball, location: 2F 3-2: Foul Ball, location: 2F 3-2: SINGLE (Groundball, 56S) (infield hit)
|
Batting: RHB Melvin Thomas
|
0-0: Ball 1-0: Called Strike 1-1: Called Strike 1-2: Ball 2-2: Ball 3-2: Foul Ball, location: 2F 3-2: Base on Balls Víctor Cuevas to second
|
Pinch Hitting: RHB Tomás Martínez
|
0-0: Ball 1-0: Foul Ball, location: 2F 1-1: Ball 2-1: Ball 3-1: Base on Balls Víctor Cuevas to third Melvin Thomas to second
|
Pitching: RHP Joseph Merle
|
|
Batting: SHB Miguel Herrera
|
0-0: Called Strike 0-1: Ball 1-1: Fly out, F9 (Flyball, 89XD) Runner from 3rd tags up, SCORES, no throw
|
Batting: RHB David Elías
|
0-0: Swinging Strike 0-1: Reached on error, E5 (Groundball, 56S) Melvin Thomas scores Tomás Martínez to third
|
Batting: RHB José García
|
0-0: Called Strike 0-1: Fly out, F9 (Line Drive, 9)
|
Batting: RHB IV Seacat
|
0-0: Intentional Walk
|
Batting: RHB Breanainn Swartwood
|
0-0: Swinging Strike 0-1: Ball 1-1: Fly out, F7 (Flyball, 7D)
|
Bottom of the 8th over - 2 runs, 1 hit, 1 error, 3 left on base; Pure Michigan 4 - Royse City 8 |
TOP OF THE 9TH |
Pure Michigan Great Lakers batting - Pitching for Royse City Targaryens : LHP Shunen Takahashi
|
Pitching: RHP Ralph McKinney
|
|
Now at 1B: Tomás Martínez
|
|
Batting: LHB Michael Cochran
|
0-0: Ball 1-0: Fly out, F6 (Line Drive, 6)
|
Batting: RHB Takashi Miike
|
0-0: Swinging Strike 0-1: Ball 1-1: Called Strike 1-2: Foul Ball, location: 2F 1-2: Ball 2-2: Hit by Pitch
|
Batting: RHB Alco Compagne
|
0-0: Ball 1-0: Fly out, F8 (Flyball, 78D)
|
Batting: SHB Roger Dorn
|
0-0: Called Strike 0-1: Foul Ball, location: 2F 0-2: Foul Ball, location: 2F 0-2: Strikes out swinging
|
Top of the 9th over - 0 runs, 0 hits, 0 errors, 1 left on base; Pure Michigan 4 - Royse City 8 |
|